 Dungeon Crawl Stone Soup version 0.19-a0-1456-gc747e27 (webtiles) character file.

586 Ryco the Chopper (level 7, -4/52 HPs)
             Began as a Demonspawn Gladiator on Sept 6, 2016.
             Slain by Prince Ribbit (13 damage)
             ... on level 6 of the Dungeon.
             The game lasted 00:12:09 (2460 turns).

Ryco the Chopper (Demonspawn Gladiator)             Turns: 2460, Time: 00:12:09

Health: -4/52      AC:  8    Str: 15    XL:     7   Next: 15%
Magic:  7/7        EV: 14    Int: 10    God:
Gold:   158        SH:  0    Dex: 15    Spells: 0 memorised, 6 levels left

rFire  . . .     SeeInvis .     a - +0 war axe
rCold  . . .     Gourm    .     b - +0 leather armour
rNeg   . . .     Faith    .     (no shield)
rPois  .         Spirit   .     c - +0 helmet
rElec  .         Dismiss  .     i - +1 cloak
rCorr  .         Reflect  .     (no gloves)
MR     +....     Harm     .     (no boots)
Stlth  +++.......               (no amulet)
                                x - ring of loudness (curse)
                                k - ring of protection from magic

@: no status effects
A: thin metallic scales 1, nightstalker 2
a: no special abilities


You were on level 6 of the Dungeon.
You were very hungry.

You visited 1 branch of the dungeon, and saw 6 of its levels.

You collected 158 gold pieces.

Inventory:

Hand Weapons
 a - a +0 war axe (weapon)
 v - a +1 whip of venom
Missiles
 j - 3 tomahawks of returning (quivered)
 t - 2 tomahawks
Armour
 b - a +0 leather armour (worn)
 c - a +0 helmet (worn)
 i - a +1 cloak (worn)
Jewellery
 k - a ring of protection from magic (left hand)
 x - a cursed ring of loudness (right hand)
Wands
 p - a wand of random effects (16/48)
Scrolls
 d - a scroll of brand weapon {unknown}
 e - 3 scrolls of amnesia
 g - a scroll of fog
 m - a scroll of blinking
 n - a scroll of recharging
 o - a scroll of noise
 r - a scroll of remove curse {unknown}
 y - a scroll of fear {unknown}
Potions
 h - a potion of lignification {unknown}
 q - a potion of curing {unknown}
 s - a potion of resistance {unknown}
 w - a potion of magic {unknown}
 z - a potion of degeneration {unknown}
Comestibles
 f - a bread ration
 l - 2 meat rations


   Skills:
 + Level 3.6 Fighting
 * Level 5.6 Axes
 - Level 1.7 Throwing
 + Level 4.2 Dodging
 - Level 2.0 Stealth
 + Level 0.2 Evocations


You had 6 spell levels left.
You didn't know any spells.

Dungeon Overview and Level Annotations

Branches:
Dungeon (8/15)
 Temple: D:4-7         Lair: D:8-11

Altars:
Sif Muna
Vehumet
Xom

Annotations:
D:6 Prince Ribbit
D:7 Joseph; PurpleRed's ghost, amateur DECj


Innate Abilities, Weirdness & Mutations

You are partially covered in thin metallic scales. (AC +2)
You are significantly more attuned to the shadows.


Message History

You slash Prince Ribbit!
Prince Ribbit is heavily wounded.
Prince Ribbit asks, "Just a little smooch?"
Prince Ribbit completely misses you. Prince Ribbit barely misses you.
You slash Prince Ribbit!
Prince Ribbit is severely wounded.
Prince Ribbit hits you! x2
* * * LOW HITPOINT WARNING * * *
Okay, then.
You closely miss Prince Ribbit.
Prince Ribbit is severely wounded.
Prince Ribbit misses you.
You barely miss Prince Ribbit.
Prince Ribbit is severely wounded.
Prince Ribbit casts a spell.
Prince Ribbit looks slightly unstable.
Prince Ribbit completely misses you.
You hit Prince Ribbit.
Prince Ribbit is severely wounded.
Prince Ribbit misses you. Prince Ribbit hits you!
You die...

#.#..#.###
#.#..#...
#.........
###(.####.
#..####
#......
#......
#F#####
#@# #.#
#.# #.#
#.. #..


You could see Prince Ribbit.

Vanquished Creatures
  A sky beast (D:7)
  A black bear (D:7)
  A centaur (D:8)
  2 giant frogs (D:6)
  A howler monkey (D:7)
  A hound (D:7)
  A quasit (D:7)
  An orc priest (D:7)
  A hound zombie (D:7)
  An adder (D:1)
  An adder skeleton (D:7)
  A dart slug (D:2)
  A giant gecko (D:2)
  5 orcs (D:7)
  A giant cockroach (D:7)
  6 hobgoblins
  6 kobolds
  2 quokkas
  4 bats
  A giant newt (D:1)
  A quokka zombie (D:7)
  5 rats
45 creatures vanquished.

Notes
Turn   | Place    | Note
-------+----------+-------------------------------------------
     0 | D:1      | Ryco the Demonspawn Gladiator began the quest for the Orb.
     0 | D:1      | Reached XP level 1. HP: 16/16 MP: 1/1
   245 | D:1      | Reached skill level 3 in Axes
   245 | D:1      | Gained mutation: You are slightly more attuned to the shadows. [demonic ancestry]
   245 | D:1      | Reached XP level 2. HP: 13/23 MP: 2/2
   505 | D:2      | Found a radiant altar of Vehumet.
   560 | D:2      | Reached XP level 3. HP: 26/28 MP: 3/3
   747 | D:3      | Found a shimmering altar of Xom.
   978 | D:3      | You fall through a shaft for 3 floors!
   978 | D:6      | Noticed a giant frog
   980 | D:6      | Noticed a phantom
  1007 | D:7      | Reached XP level 4. HP: 31/34 MP: 4/4
  1375 | D:7      | Noticed a sky beast
  1424 | D:7      | Killed a sky beast
  1424 | D:7      | Reached skill level 4 in Axes
  1424 | D:7      | Reached skill level 1 in Stealth
  1424 | D:7      | Gained mutation: You are partially covered in thin metallic scales. (AC +2) [demonic ancestry]
  1424 | D:7      | Reached XP level 5. HP: 11/41 MP: 5/5
  1453 | D:7      | Noticed a phantom
  1786 | D:7      | Noticed a black bear
  1803 | D:7      | Killed a black bear
  1803 | D:7      | Gained mutation: You are significantly more attuned to the shadows. [demonic ancestry]
  1803 | D:7      | Reached XP level 6. HP: 21/47 MP: 6/6
  1806 | D:7      | Reached skill level 5 in Axes
  1996 | D:7      | Noticed PurpleRed's ghost (amateur DECj)
  2082 | D:8      | Noticed a water moccasin
  2162 | D:7      | Noticed Joseph
  2225 | D:6      | Reached XP level 7. HP: 27/52 MP: 7/7
  2436 | D:6      | Found a deep blue altar of Sif Muna.
  2450 | D:6      | Noticed Prince Ribbit
  2460 | D:6      | Slain by Prince Ribbit

Vault maps used:
D:1:      lightli_molten_gateway
D:2:      lemuel_tele_altar
D:3:      grunt_temple_overflow_diamond, dancing_weapons_uskayaw,
          lemuel_coloured_pillars_altar, uniq_terence, uniq_grinder
D:6:      kennysheep_mini, nicolae_ru_awakened_eye, uniq_prince_ribbit1
D:7:      uniq_joseph, uniq_crazy_yiuf_cottage
D:8:      okawaru_gym_becter, hangedman_pestilent_swarm, uniq_grum

Skill      XL: |  1  2  3  4  5  6 |
---------------+-------------------+-----
Axes           | 3 4 5 |  5.6
Dodging        | 3 4 |  4.2
Fighting       | 3 |  3.6
Stealth        | 1 2 |  2.0
Throwing       | |  1.7
Evocations     | |  0.2

Action                   |  1- 3 |  4- 6 |  7- 9 || total
-------------------------+-------+-------+-------++-------
Melee: War axe           |    75 |    77 |    12 ||   164
Throw: Throwing net      |     3 |     5 |     1 ||     9
       Tomahawk          |       |       |     1 ||     1
Evoke: Wand              |       |     2 |       ||     2
  Use: Potion            |     1 |       |       ||     1
       Scroll            |     4 |     3 |       ||     7
 Stab: Held in net/web   |     1 |     1 |       ||     2
       Sleeping          |     4 |     1 |     1 ||     6
  Eat: Chunk             |       |     4 |       ||     4
Armor: Leather armour    |    36 |    41 |       ||    77
Dodge: Dodged            |    82 |    78 |    13 ||   173
